 Dungeon Crawl Stone Soup version 0.18-a0-1185-g2fe3d93 (webtiles) character file.

264473 Minkie the Bludgeoner (level 20, -7/84 HPs)
             Began as a Gargoyle Gladiator on Jan 28, 2016.
             Was the Champion of Qazlal.
             Killed from afar by a starcursed mass (8 damage)
             ... with an accursed screaming
             ... on level 4 of the Abyss.
             The game lasted 03:28:54 (36172 turns).

Minkie the Bludgeoner (Gargoyle Gladiator)         Turns: 36172, Time: 03:28:54

Health: -7/84      AC: 49    Str: 13 (14) XL:     20   Next: 45%
Magic:  36/36      EV:  9    Int: 13 (14) God:    Qazlal [******]
Gold:   1663       SH: 19    Dex: 13      Spells: 3 memorised, 33 levels left

rFire  . . .     SeeInvis +     V - +7 morningstar (crush)
rCold  . . .     Gourm    .     G - +11 chain mail of Devotion {rN++ Regen+ Str-4 Int+3}
rNeg   + + +     Faith    .     W - +3 warlock's mirror {reflect}
rPois  ∞         Spirit   .     v - +2 helmet {SInv}
rElec  +         Dismiss  .     U - +0 cloak
rCorr  .         Reflect  +     R - +2 pair of gloves {Dex+3}
SustAt .         Harm     .     E - +0 pair of boots
MR     ++...                    M - +2 amulet of reflection
Stlth  ..........               a - +2 ring of slaying
                                x - ring of protection from magic

@: flying, very slightly contaminated, repel missiles, invisible, very resistant
to hostile enchantments, extremely unstealthy
A: big wings, deterioration 2, dopey 2, frail 3, negative energy resistance 1,
electricity resistance, slow regeneration 2, weak 2, unbreathing, petrification
resistance, rot immunity, AC +15
a: Stop Flying, Upheaval, Elemental Force, Disaster Area, Renounce Religion
}: 1/15 runes: gossamer


You were on level 4 of the Abyss.
You worshipped Qazlal.
Qazlal was exalted by your worship.
You were hungry.

You visited 6 branches of the dungeon, and saw 33 of its levels.
You visited the Abyss 1 time.
You visited 1 bazaar.
You also visited: Labyrinth and Ice Cave.

You collected 3393 gold pieces.
You spent 1730 gold pieces at shops.

Inventory:

Hand Weapons
 V - a +7 morningstar of crushing (weapon)
Missiles
 P - 4 throwing nets (quivered)
Armour
 v - a +2 helmet of see invisible (worn)
 E - a +0 pair of boots (worn)
 G - the +11 chain mail of Devotion (worn) {rN++ Regen+ Str-4 Int+3}
   (You found it on level 11 of the Dungeon)

   It affects your strength (-4).
   It affects your intelligence (+3).
   It greatly protects you from negative energy.
   It increases your rate of regeneration.
 R - a +2 pair of gloves of dexterity (worn)
 U - a +0 cloak (worn)
 W - the +3 warlock's mirror (worn) {reflect}
   (You bought it in a shop on level 2 of the Orcish Mines)
Jewellery
 a - a +2 ring of slaying (right hand)
 e - an uncursed ring of protection from fire
 h - an uncursed ring of protection from cold
 x - a ring of protection from magic (left hand)
 y - an uncursed ring of wizardry
 M - a +2 amulet of reflection (around neck)
 N - the ring "Farud" {Fire +Inv rPois MP+9 Dex+3}
   (You found it in an ice cave)

   [ring of fire]

   It enhances your fire magic, and weakens your ice magic.
   It affects your dexterity (+3).
   It protects you from fire.
   It makes you vulnerable to cold.
   It protects you from poison.
   It affects your magic capacity (+9).
   It lets you turn invisible.
Wands
 g - a wand of disintegration (9/24)
 n - a wand of teleportation (4/9)
 I - a wand of hasting (5/9)
 Q - a wand of digging (19/24)
Scrolls
 c - 8 scrolls of identify
 j - 8 scrolls of teleportation
 l - 4 scrolls of enchant armour
 p - a scroll of immolation
 u - 2 scrolls of summoning
 z - 6 scrolls of remove curse
 A - a scroll of fear
 J - 5 scrolls of fog
 L - 2 scrolls of blinking
 O - a scroll of vulnerability
 S - 4 scrolls of magic mapping
Potions
 b - 5 potions of might
 d - a potion of magic
 i - 8 potions of agility
 m - 9 potions of curing
 q - 2 potions of heal wounds
 t - 7 potions of haste
 B - 2 potions of resistance
 F - a potion of cure mutation
 H - 5 potions of brilliance
Books
 o - a book of the Sky

   Spells                             Type                      Level
   a - Summon Lightning Spire         Summoning/Air                4
   b - Airstrike                      Air                          4
   c - Silence                        Hexes/Air                    5
   d - Deflect Missiles               Charms/Air                   6
   e - Conjure Ball Lightning         Conjuration/Air              6
   f - Tornado                        Air                          9
Miscellaneous
 s - a crystal ball of energy
 w - a disc of storms
Comestibles
 f - 21 bread rations
 k - 16 meat rations
 D - 4 beef jerkies
 K - 29 royal jellies
 T - 34 fruits
 X - a slice of pizza


   Skills:
 - Level 11.0 Fighting
 - Level 16.4 Maces & Flails
 - Level 1.7 Throwing
 + Level 14.4 Armour
 + Level 6.0 Dodging
 - Level 10.7 Shields
 + Level 12.8 Spellcasting
 + Level 12.5 Charms
 - Level 2.1 Necromancy
 + Level 9.9 Translocations
 - Level 10.1 Invocations


You had 33 spell levels left.
You knew the following spells:

 Your Spells              Type           Power        Failure   Level  Hunger
a - Regeneration          Chrm/Necr      ####......   14%         3    None
b - Blink                 Tloc           N/A          2%          2    None
c - Haste                 Chrm           #####...     87%         6    ######.


Dungeon Overview and Level Annotations

Branches:
Dungeon (14/15)            Temple (1/1) D:5            Lair (8/8) D:9
 Shoals (4/4) Lair:4       Spider (4/4) Lair:3        Slime (0/6) Lair:6
    Orc (2/2) D:12            Elf (0/3) Orc:2        Vaults (0/5) D:13

Altars:
Ashenzari
Cheibriados
Dithmenos
Elyvilon
Fedhas
Gozag
Kikubaaqudgha
Makhleb
Nemelex Xobeh
Okawaru
Pakellas
Qazlal
Ru
Sif Muna
Trog
Vehumet
Xom
Yredelemnul
Zin
The Shining One
Beogh
Jiyva
Lugonu

Shops:
Orc:2 *%[=   Shoals:4 ?

Annotations:
Lair:5 exclusion: oklob plant
Shoals:4 Donald


Innate Abilities, Weirdness & Mutations

You are resistant to torment.
Your stone body is resilient (AC +15).
You are immune to poison.
Your large and strong wings let you fly indefinitely.
You resist negative energy.
You are resistant to electric shocks.
You can survive without breathing.
You are immune to petrification.
You are immune to rotting.
[Your body often deteriorates upon taking damage.]
[You are very dopey. (Int -4)]
[You are extremely frail (-30% HP).]
[You do not regenerate naturally when monsters are visible.]
[You are very weak. (Str -4)]


Message History

The searing blast hits you!
* * * LOW HITPOINT WARNING * * *
A starcursed mass splits.
A chorus of shrieks assaults your mind.
* * * LOW HITPOINT WARNING * * *
Unknown command.
A large abomination comes into view.
You hear a roar!
You hear a roar!
An ancient zyme comes into view.
You hear a roar!
The large abomination is struck by lightning.
You hear a roar! x4
The large abomination is engulfed in roaring flames.
You destroy the large abomination!
Qazlal accepts your kill.
A thrashing horror comes into view.
The thrashing horror roars!
The starcursed mass shrieks in your mind.
You die...

#.#.§.###X......#
##....#..X...#X..
##...#........#
##
#.d.#..#..###.#
###§..#.#.# ...
#.§.#.###.. .
####.X.## .. .
#...#.§.# ... #
##.§@.##..#. .
#...#.#.....
....#.§... ... .
#.####..##..# ##
##.. ### .X# .##
.


You could see a starcursed mass, a thrashing horror and a large abomination.

Vanquished Creatures
  Norris (Spider:3)
  Rupert (Lair:3)
  Agnes (Spider:1)
  Kirke (D:12)
  Maud (D:10)
  A daeva (Abyss:3)
  2 ghost moths (Spider:4)
  Louise (Shoals:1)
  10 emperor scorpions
  A frost giant (Shoals:1)
  A very ugly thing (Abyss:3)
  Azrael (Lair:3)
  2 spark wasps
  A merfolk javelineer (Shoals:2)
  A merfolk impaler (Shoals:1)
  4 vault guards
  A fire dragon (Lair:8)
  The ghost of Hamishm the Protected, a journeyman MiBe of Trog (Shoals:1)
  Josephine (D:13)
  The ghost of edsrzf2 the Grappler, a journeyman MiBe of Trog (Lair:2)
  A minotaur (Lab)
  8 hydras
  2 entropy weavers (Spider:1)
  An alligator snapping turtle (Shoals:3)
  3 merfolk aquamancers
  2 centaur warriors (D:14)
  A queen ant (Lair:4)
  5 orc high priests (Orc:2)
  The ghost of Minkie the Cleaver, a novice MiBe of Trog (D:9)
  Erica (Orc:1)
  21 death yaks
  A tengu warrior (D:13)
  Urug (D:13)
  Sonja (D:10)
  8 death scarabs (Spider:4)
  13 sea snakes
  3 unseen horrors
  9 hill giants
  4 harpies
  4 spectral wolf spiders
  Pikel (D:7)
  6 hornets
  An orc sorcerer (Orc:2)
  7 orc knights
  3 wolf spider zombies (Spider:4)
  20 orb spiders
  3 deep elf magi
  5 griffons
  5 fauns
  14 manticores
  3 water nymphs
  7 ugly things
  39 wolf spiders
  10 cyclopes
  14 elephants
  3 ice statues (IceCv)
  A black mamba (shapeshifter) (D:14)
  Maurice (D:10)
  3 moths of wrath
  Joseph (D:8)
  6 black mambas
  A smoke demon (Abyss:3)
  10 sirens
  4 torpor snails
  10 spiny frogs
  A gargoyle (D:14)
  A yaktaur (D:14)
  3 spectral redbacks (Spider:4)
  3 kobold demonologists
  2 redback zombies (Spider:4)
  6 komodo dragons
  19 demonic crawlers
  2 fire drakes
  32 jumping spiders
  3 harpy zombies
  2 queen bees
  9 polar bears
  6 wind drakes
  3 trolls
  21 merfolk
  2 spectral hornets (Spider:4)
  3 two-headed ogres
  7 slime creatures
  3 spectral jumping spiders (Spider:4)
  A spectral tarantella (Spider:4)
  23 blink frogs
  2 raiju (Lair:8)
  A griffon zombie (Shoals:3)
  2 large abominations
  9 snapping turtles
  A boulder beetle (Spider:1)
  A jumping spider zombie (Spider:4)
  5 wyverns
  A ynoxinul (Abyss:3)
  36 tarantellas
  12 water elementals
  64 redbacks
  2 spriggans
  2 vampires
  7 wraiths
  53 yaks
  Sigmund (D:4)
  6 basilisks
  3 fire elementals
  4 hogs (D:11)
  14 hippogriffs
  5 steam dragons
  5 mottled dragons
  2 spatial vortices (Abyss:3)
  7 vampire mosquitoes
  9 wargs
  19 wolves
  15 porcupines
  4 soldier ants
  8 hell hounds
  12 water moccasins
  5 sky beasts
  13 ice beasts
  12 black bears (Lair:8)
  28 orc warriors
  A necrophage (D:7)
  4 phantoms
  2 wasps
  10 centaurs
  8 ogres
  24 crocodiles
  26 giant frogs
  3 big kobolds
  A gnoll sergeant (D:8)
  4 small abominations (Abyss:3)
  A wyvern zombie (D:12)
  5 jellies
  A hippogriff zombie (Shoals:3)
  10 scorpions
  50 killer bees
  9 wights (D:10)
  4 electric eels
  8 crimson imps
  4 centaur zombies
  A starcursed mass (Abyss:4)
  2 giant frog zombies
  25 hounds
  2 quasits
  2 giant frog skeletons (D:11)
  4 centaur skeletons
  A gnoll shaman (D:8)
  33 orc priests
  13 orc wizards
  Terence (D:2)
  12 iguanas
  22 worker ants
  32 sheep
  A killer bee zombie (D:10)
  2 hound zombies
  A hound skeleton (D:7)
  Robin (D:1)
  4 gnolls (D:8)
  16 adders
  104 river rats
  A shadow imp (D:7)
  An adder skeleton (D:8)
  4 worms
  4 giant geckos
  70 orcs
  6 giant cockroaches
  18 goblins
  7 hobgoblins
  13 jackals
  16 kobolds
  9 quokkas
  3 ball pythons
  A ball python skeleton (D:4)
  7 bats
  A giant gecko skeleton (D:4)
  A giant gecko zombie (D:5)
  6 giant newts
  A jackal skeleton (D:5)
  8 rats
  3 bushes
  47 fungi
  70 plants
1575 creatures vanquished.

Vanquished Creatures (others)
  Nessos (Lair:5)
  A centaur warrior (D:13)
  2 satyrs
  2 fauns (Shoals:2)
  2 yaktaurs (D:14)
  A jumping spider (Spider:3)
  A water elemental (Shoals:3)
  A vampire mosquito (D:14)
  A slave (D:8)
  A necrophage (D:7)
  2 centaurs
  2 worker ants
  2 orcs (Orc:2)
  2 jackals (D:7)
  A quokka (D:8)
  19 fungi
  A lurking horror (Abyss:3)
  51 plants
93 creatures vanquished.

Grand Total: 1668 creatures vanquished

Notes
Turn   | Place    | Note
--------------------------------------------------------------
     0 | D:1      | Minkie the Gargoyle Gladiator began the quest for the Orb.
     0 | D:1      | Reached XP level 1. HP: 12/12 MP: 1/1
   172 | D:1      | Reached XP level 2. HP: 9/18 MP: 2/2
   800 | D:1      | Reached XP level 3. HP: 22/22 MP: 3/3
   844 | D:2      | Noticed Robin
  1088 | D:1      | Killed Robin
  1088 | D:1      | Reached skill level 4 in Maces & Flails
  1283 | D:2      | Noticed Terence
  1317 | D:2      | Killed Terence
  1317 | D:2      | Reached XP level 4. HP: 14/28 MP: 4/4
  1742 | D:2      | Reached XP level 5. HP: 28/32 MP: 5/5
  1755 | D:2      | Reached skill level 5 in Maces & Flails
  1976 | D:2      | Found a faded altar to an unknown god.
  2374 | D:3      | Found a sacrificial altar of Ru.
  2374 | D:3      | Found a deep blue altar of Sif Muna.
  2478 | D:3      | Reached XP level 6. HP: 25/38 MP: 6/6
  2868 | D:3      | Found a white marble altar of Elyvilon.
  3300 | D:4      | Reached skill level 6 in Maces & Flails
  3328 | D:4      | Found a shadowy altar of Dithmenos.
  3472 | D:4      | Noticed Sigmund
  3485 | D:4      | Killed Sigmund
  3485 | D:4      | Reached skill level 5 in Fighting
  3485 | D:4      | Reached XP level 7. HP: 38/44 MP: 7/7
  3632 | D:4      | Reached skill level 7 in Maces & Flails
  4204 | D:5      | Entered Level 5 of the Dungeon
  4213 | D:5      | Found a bloodstained altar of Trog.
  4269 | D:5      | Reached XP level 8. HP: 24/51 MP: 8/8
  4560 | D:5      | Found a staircase to the Ecumenical Temple.
  4574 | Temple   | Entered the Ecumenical Temple
  4835 | Temple   | Became a worshipper of Qazlal Stormbringer
  4879 | D:5      | Reached skill level 8 in Maces & Flails
  5301 | D:5      | Reached skill level 9 in Maces & Flails
  5591 | D:5      | Found a bloodstained altar of Trog.
  5886 | D:6      | Got a heavily runed scale mail
  5897 | D:6      | Identified the +3 scale mail of Joepn {rElec Str+4} (You found it on level 6 of the Dungeon)
  5914 | D:6      | Reached XP level 9. HP: 49/57 MP: 9/9
  6219 | D:6      | Reached * piety under Qazlal
  6412 | D:6      | Reached skill level 10 in Maces & Flails
  6758 | D:7      | Noticed Pikel
  6773 | D:7      | Killed Pikel
  6781 | D:7      | Found an ancient bone altar of Kikubaaqudgha.
  6917 | D:7      | Reached skill level 11 in Maces & Flails
  6971 | D:7      | Found a shimmering altar of Xom.
  6982 | D:7      | Found a shimmering altar of Xom.
  6983 | D:7      | Found a shimmering altar of Xom.
  6989 | D:7      | Found a shimmering altar of Xom.
  7041 | D:7      | Found a sacrificial altar of Ru.
  7839 | D:8      | Reached XP level 10. HP: 66/66 MP: 10/10
  7904 | D:8      | Noticed Joseph
  7926 | D:8      | Killed Joseph
  8176 | D:8      | Reached ** piety under Qazlal
  8248 | D:8      | Reached skill level 12 in Maces & Flails
  8633 | D:9      | Noticed Minkie's ghost (novice MiBe)
  8942 | D:9      | Reached skill level 10 in Fighting
  9112 | D:8      | Reached skill level 13 in Maces & Flails
  9552 | D:9      | Reached XP level 11. HP: 73/73 MP: 11/11
  9604 | D:9      | Found a staircase to the Lair.
  9614 | Lair:1   | Entered Level 1 of the Lair of Beasts
  9671 | D:9      | Found an iron altar of Okawaru.
  9778 | D:9      | Found a burning altar of Makhleb.
  9778 | D:9      | Found a blossoming altar of Fedhas.
  9779 | D:9      | Found a basalt altar of Yredelemnul.
  9779 | D:9      | Found a shattered altar of Ashenzari.
  9779 | D:9      | Found a glowing golden altar of the Shining One.
  9874 | D:9      | Got a steaming quarterstaff
  9875 | D:9      | Identified the +4 quarterstaff of Defence {flame, *Noise rPois Str+7 Int-5} (You found it on level 9 of the Dungeon)
  9931 | D:9      | Reached *** piety under Qazlal
 10082 | D:9      | Killed Minkie's ghost
 10600 | D:10     | Entered Level 10 of the Dungeon
 10775 | D:10     | Reached skill level 14 in Maces & Flails
 10828 | D:10     | Reached skill level 1 in Armour
 10943 | D:10     | Noticed Maurice
 10975 | D:10     | Killed Maurice
 11025 | D:10     | Noticed a hill giant
 11027 | D:10     | Noticed a hill giant
 11036 | D:10     | Killed a hill giant
 11042 | D:10     | Killed a hill giant
 11296 | D:10     | Noticed Maud
 11537 | D:10     | Noticed Sonja
 11546 | D:10     | Killed Sonja
 11760 | D:10     | Reached **** piety under Qazlal
 11863 | D:10     | Reached skill level 15 in Maces & Flails
 11929 | D:10     | Killed Maud
 11929 | D:10     | Reached skill level 5 in Armour
 11929 | D:10     | Reached XP level 12. HP: 68/80 MP: 12/12
 11937 | D:10     | Learned a level 3 spell: Regeneration
 12429 | D:11     | Reached skill level 1 in Spellcasting
 12437 | D:11     | Got a fine chain mail
 12496 | D:11     | Found a labyrinth entrance.
 12511 | D:11     | Identified the +11 chain mail of Devotion {rN++ Regen+ Str-4 Int+3} (You found it on level 11 of the Dungeon)
 12518 | Lab      | Entered a labyrinth
 12712 | Lab      | Noticed a minotaur
 12721 | Lab      | Killed a minotaur
 12721 | Lab      | Reached skill level 1 in Charms
 12721 | Lab      | Reached skill level 1 in Necromancy
 12731 | Lab      | Identified the Tome of Dislocation
 12737 | Lab      | Identified the Disquisition on Damaging Enhancements
 13014 | D:11     | Got a warped dagger
 13081 | D:11     | Reached skill level 1 in Shields
 13363 | D:11     | Learned a level 2 spell: Blink
 13387 | D:11     | Got a warped spear
 14036 | Lair:1   | Reached ***** piety under Qazlal
 14264 | Lair:1   | You fall through a shaft!
 14320 | Lair:2   | Reached skill level 16 in Maces & Flails
 14510 | Lair:2   | Reached skill level 1 in Invocations
 14512 | Lair:2   | Noticed edsrzf2's ghost (journeyman MiBe)
 14535 | Lair:2   | Killed edsrzf2's ghost
 14535 | Lair:2   | Reached XP level 13. HP: 84/84 MP: 17/17
 15322 | Lair:3   | Found a hole to the Spider Nest.
 15353 | Lair:3   | Found a frozen archway.
 15387 | IceCv    | Entered an ice cave
 15524 | IceCv    | Got a wavering pewter ring
 15537 | IceCv    | Identified the ring "Farud" {Fire +Inv rPois MP+9 Dex+3} (You found it in an ice cave)
 15852 | Lair:3   | Learned a level 6 spell: Haste
 16150 | Lair:4   | Noticed Rupert
 16206 | Lair:3   | Killed Rupert
 16299 | Lair:4   | Reached ****** piety under Qazlal
 16375 | Lair:4   | Reached skill level 5 in Shields
 16565 | Lair:4   | Reached skill level 5 in Charms
 17013 | Lair:4   | Found a staircase to the Shoals.
 17017 | Lair:4   | Reached skill level 5 in Spellcasting
 17190 | Lair:5   | Noticed Nessos
 17202 | Lair:4   | Reached skill level 5 in Invocations
 17290 | Lair:5   | Killed Nessos
 17305 | Lair:5   | Gained mutation: Your large and strong wings let you fly indefinitely. [Gargoyle growth]
 17305 | Lair:5   | Reached XP level 14. HP: 73/90 MP: 21/21
 18675 | Lair:5   | You are sucked into a shaft for 2 floors!
 19064 | Lair:6   | Found a viscous altar of Jiyva.
 19066 | Lair:6   | Found a staircase to the Slime Pits.
 20398 | Lair:8   | Entered Level 8 of the Lair of Beasts
 20403 | Lair:8   | Reached XP level 15. HP: 94/94 MP: 25/25
 21679 | Lair:8   | Reached skill level 1 in Translocations
 21875 | Lair:8   | Reached skill level 10 in Armour
 22579 | D:12     | Noticed Kirke
 22628 | D:12     | Killed Kirke
 22844 | D:12     | Reached XP level 16. HP: 95/100 MP: 28/28
 22899 | D:12     | Found a staircase to the Orcish Mines.
 23080 | D:12     | Got a pair of pitted gloves
 23091 | D:12     | Identified the +1 pair of gloves "Umpixtac" {rElec MP+9} (You found it on level 12 of the Dungeon)
 23319 | D:13     | Noticed Urug
 23343 | D:13     | Killed Urug
 23343 | D:13     | Reached skill level 10 in Shields
 23561 | D:13     | Noticed Josephine
 23588 | D:13     | Killed Josephine
 23634 | D:13     | Found a gate to the Vaults.
 23877 | D:13     | Found a corrupted altar of Lugonu.
 24624 | D:14     | Found a stormy altar of Qazlal.
 25130 | Orc:1    | Entered Level 1 of the Orcish Mines
 25131 | Orc:1    | Found a roughly hewn altar of Beogh.
 25134 | Orc:1    | Noticed Erica
 25152 | Orc:1    | Killed Erica
 25262 | Orc:2    | Entered Level 2 of the Orcish Mines
 25284 | Orc:2    | Reached skill level 10 in Invocations
 25495 | Orc:2    | Found a staircase to the Elven Halls.
 26069 | Orc:2    | Found Hyagh's Jewellery Boutique.
 26069 | Orc:2    | Found Nunt's Armour Boutique.
 26070 | Orc:2    | Found Bifi Ruc's Food Shop.
 26070 | Orc:2    | Found Waxer's Assorted Antiques.
 26087 | Orc:2    | Bought a runed morningstar for 120 gold pieces
 26088 | Orc:2    | Bought the +3 warlock's mirror {reflect} for 427 gold pieces
 27001 | Lair:1   | Gained mutation: Your spells are a little harder to cast, but a little more powerful. [potion of mutation]
 27001 | Lair:1   | Gained mutation: You are occasionally teleported next to monsters. [potion of mutation]
 27001 | Lair:1   | Gained mutation: You occasionally shout uncontrollably at your foes. [potion of mutation]
 27002 | Lair:1   | Lost mutation: You are occasionally teleported next to monsters. [potion of cure mutation]
 27002 | Lair:1   | Lost mutation: You occasionally shout uncontrollably at your foes. [potion of cure mutation]
 27002 | Lair:1   | Lost mutation: Your spells are a little harder to cast, but a little more powerful. [potion of cure mutation]
 27043 | Spider:1 | Entered Level 1 of the Spider Nest
 27057 | Spider:1 | Reached skill level 5 in Translocations
 27132 | Spider:1 | Noticed Azrael
 27144 | Lair:3   | Killed Azrael
 27144 | Lair:3   | Reached XP level 17. HP: 104/104 MP: 30/30
 27370 | Spider:1 | Noticed Agnes
 27372 | Spider:1 | Reached skill level 10 in Charms
 27392 | Spider:1 | Killed Agnes
 27443 | Spider:1 | Reached skill level 10 in Spellcasting
 29487 | Spider:3 | Noticed Norris
 29553 | Spider:3 | Killed Norris
 30690 | Spider:4 | Entered Level 4 of the Spider Nest
 30707 | Spider:3 | Reached XP level 18. HP: 38/110 MP: 33/33
 31021 | Spider:4 | Reached XP level 19. HP: 114/114 MP: 34/34
 32542 | Spider:4 | Got a gossamer rune of Zot
 32818 | Shoals:1 | Entered Level 1 of the Shoals
 32882 | Shoals:1 | Noticed Hamishm's ghost (journeyman MiBe)
 33128 | Shoals:1 | Noticed Louise
 33147 | Shoals:1 | Killed Louise
 33171 | Shoals:1 | Reached skill level 5 in Dodging
 33178 | Shoals:1 | Killed Hamishm's ghost
 33711 | Shoals:1 | Reached XP level 20. HP: 89/120 MP: 36/36
 33943 | Shoals:2 | Found a gateway to a bazaar.
 34462 | Bazaar   | Entered a bazaar
 34485 | Bazaar   | Found Oxim Bax's Magic Scroll Shoppe.
 34538 | Bazaar   | Found Waunk's Jewellery Shoppe.
 34593 | Bazaar   | Found Zica's Jewellery Boutique.
 34603 | Bazaar   | Found Uguwkup's Book Shoppe.
 34622 | Bazaar   | Bought an uncursed ring of protection from fire for 425 gold pieces
 34622 | Bazaar   | Bought an uncursed ring of protection from cold for 425 gold pieces
 35677 | Shoals:4 | Entered Level 4 of the Shoals
 35677 | Shoals:4 | Found Joiw's Magic Scroll Emporium.
 35701 | Shoals:4 | Bought a scroll of teleportation for 33 gold pieces
 35701 | Shoals:4 | Bought a scroll of magic mapping for 38 gold pieces
 35701 | Shoals:4 | Bought a scroll of blinking for 82 gold pieces
 35701 | Shoals:4 | Bought a scroll of magic mapping for 38 gold pieces
 35701 | Shoals:4 | Bought a scroll of enchant armour for 82 gold pieces
 35701 | Shoals:4 | Bought a scroll of magic mapping for 38 gold pieces
 35701 | Shoals:4 | Bought a scroll of identify for 22 gold pieces
 35803 | Shoals:4 | Got a scintillating lead ring
 35805 | Shoals:4 | Identified the ring "Toqiwk" {rPois MP+9} (You found it on level 4 of the Shoals)
 35825 | Shoals:4 | Noticed Donald
 35861 | Shoals:4 | Cast into level 3 of the Abyss (merfolk impaler)
 35861 | Abyss:3  | Found a corrupted altar of Lugonu.
 35943 | Abyss:3  | Paralysed by accursed screaming for 1 turns
 36164 | Abyss:4  | HP: 2/84 [starcursed mass/accursed screaming (6)]
 36172 | Abyss:4  | Killed from afar by a starcursed mass

Vault maps used:
D:1:      minmay_arrival_radiant_lines, corexii_corridor_pit, hex_large,
          nrook_mini_vaults, minmay_misc_feat_alley, minivault_23
D:2:      ecumenical_altar_2, uniq_robin, uniq_terence
D:3:      elyvilon_altar_3, gammafunk_temple_overflow_pools
D:4:      grunt_dithmenos_smoke, uniq_sigmund
D:5:      lightli_temple_of_fire, minmay_temple_entry_glass, first_bread,
          basic_altar, serial_glass, glass_columns_a, glass_columns_a
D:6:      minivault_24, minmay_holes
D:7:      kiku_gazebo_garden_becter, xom_redecorated, grunt_ogre_cave,
          nicolae_ru_the_path_less_chosen, uniq_pikel
D:8:      kb_lookout_dungeons_type, serial_bayou_pond_d, uniq_joseph
D:9:      marbit_many_paths, grunt_temple_overflow_open, minmay_lair_entry_grove
D:10:     kennysheep_crisscross, minmay_orc_keep, uniq_maud, uniq_sonja,
          uniq_maurice
D:11:     kennysheep_ambush_hall, lab_entry_generic
D:12:     lemuel_upstairs_altar, uniq_kirke
D:13:     lightli_vaults_fourway_checkpoint, tgw_lugonu_bribe, uniq_josephine,
          uniq_urug
D:14:     minmay_connected_triangles_in_corner, kennysheep_cross_room,
          grunt_qazlal_sundering
Temple:   hc_temple_tempest_star
Lair:1:   special_room
Lair:2:   grunt_megastairs_4, lemuel_fruit_tree
Lair:3:   spider_nest_entry_a, portal_ice_cave_entry_pillars_01,
          serial_bayou_shore_a
Lair:4:   elwin_shoals_entry_stream, minmay_another_anthill, uniq_rupert
Lair:5:   uniq_nessos
Lair:6:   slime_altar_1, small_statue_intersection, st_stairs_6
Lair:7:   grunt_forest_large_clearing_hut
Lair:8:   guppyfry_lair_end_dragon, hangedman_lair_caniforms_friends,
          st_stairs_4, grunt_forest_large_clearings, infiniplex_staircase_pool
Shoals:1: st_cyclops, uniq_louise
Shoals:2: serial_shops, bzr_entry_dummy
Shoals:3: nicolae_shoals_undead_eyrie
Shoals:4: shoals_end_grunt_ice, shoal_ilsuiw, serial_shops, shop_scrolls,
          nicolae_shoals_kraken_intersection, uniq_donald
Spider:1: uniq_azrael, uniq_agnes
Spider:2: nicolae_spider_cling_ruins
Spider:3: spider_trap, nicolae_looking_at_the_future, uniq_norris
Spider:4: floodkiller_spider_rune_tomb
Orc:1:    basic_altar, uniq_erica
Orc:2:    st_orc_pillars, library_closet
Abyss:3:  abyss_rune_water_cross
Abyss:4:  hangedman_abyss_feature_spike, evilmike_abyss_rune_seething_chaos,
          serial_sigils_hangedman_shear
Lab:      nicolae_lab_dead_adventurers, labyrinth_skeletal_remains,
          nicolae_lab_grate, nicolae_lab_grate_2, nicolae_lab_swirl,
          nicolae_lab_diamond, nicolae_lab_stuck
Bazaar:   bazaar_minmay_generic_d
IceCv:    ice_cave_statue_garden_02

Action                   |  1- 3 |  4- 6 |  7- 9 | 10-12 | 13-15 | 16-18 | 19-21 || total
-------------------------+-------+-------+-------+-------+-------+-------+-------++-------
Melee: Flail             |   135 |   214 |   262 |       |       |       |       ||   611
       Unarmed           |       |     2 |       |     1 |       |       |       ||     3
       Whip              |       |       |   104 |   342 |       |       |       ||   446
       Morningstar       |       |       |    25 |   610 |  1862 |  1559 |  1074 ||  5130
       Dire flail        |       |       |       |    10 |       |       |       ||    10
 Cast: Blink             |       |       |       |       |       |       |     5 ||     5
Invok: Disaster Area     |       |       |       |       |       |     1 |       ||     1
 Abil: Fly               |       |       |       |       |     2 |       |       ||     2
       Stop Flying       |       |       |       |       |     1 |       |       ||     1
  Use: Scroll            |       |       |       |    28 |     9 |     6 |     5 ||    48
       Potion            |       |       |       |     1 |     1 |     3 |     2 ||     7
  Eat: Chunk             |     1 |     8 |    12 |    21 |    27 |    23 |     9 ||   101
       Pizza             |       |       |     1 |     1 |       |       |     1 ||     3
       Beef jerky        |       |       |       |       |     1 |     4 |     4 ||     9
